 Dungeon Crawl Stone Soup version 0.31-a0-75-g6fe912e8c5 (webtiles) character file.

Game seed: 5053092651649775552

432 bande the Covered (level 7, -2/44 HPs)
             Began as a Gargoyle Fighter on May 23, 2023.
             Slain by Pikel
             ... wielding a +2 whip of flaming
              (3 damage)
             ... on level 4 of the Dungeon.
             The game lasted 00:04:18 (3242 turns).

bande the Covered (Gargoyle Fighter)                Turns: 3242, Time: 00:04:19

Health: -2/44      AC: 15    Str: 19    XL:     7   Next: 0%
Magic:  7/7        EV:  9    Int:  9    God:
Gold:   701        SH:  4    Dex: 11    Spells: 6/6 levels left

rFire   . . .        a - +0 war axe
rCold   . . .        c - +0 buckler
rNeg    + . .        b - +0 scale mail
rPois   ∞            (no helmet)
rElec   +            (no cloak)
rCorr   .            i - +2 pair of gloves
SInv    .            (no boots)
Will    .....        (no amulet) Stlth
                     (no ring)
HPRegen 0.27/turn    (no ring)
MPRegen 0.10/turn

%: no passive effects
@: no status effects
A: sickness immunity, AC +4, negative energy resistance 1, electricity
resistance, torment resistance 1, petrification resistance
a: no special abilities


You were on level 4 of the Dungeon.
You visited 1 branch of the dungeon, and saw 4 of its levels.

You collected 701 gold pieces.

Inventory:

Hand Weapons
 a - a +0 war axe (weapon)
 n - a +0 morningstar
Armour
 b - a +0 scale mail (worn)
 c - a +0 buckler (worn)
 i - a +2 pair of gloves (worn)
Wands
 d - a wand of paralysis (5)
Potions
 e - a potion of brilliance {unknown}
 f - a potion of attraction {unknown}
 g - a potion of heal wounds
 h - a potion of resistance {unknown}
 j - a potion of magic {unknown}
 k - 2 potions of lignification {unknown}
 l - a potion of cancellation {unknown}
 m - a potion of curing {unknown}


   Skills:
 + Level 4.4 Fighting
 + Level 4.8 Axes
 + Level 5.0 Armour
 + Level 4.1 Shields


You had 6 spell levels left.
You didn't know any spells.
Your spell library contained the following spells:

 Spells                   Type           Power      Damage    Failure   Level
 Simulacrum               Ice/Necr       0%         N/A       100%        6
 Ozocubu's Refrigeration  Ice            0%         4d7       100%        7
 Polar Vortex             Ice            0%         N/A       100%        9


Dungeon Overview and Level Annotations

Branches:
Dungeon (4/15)
 Temple: D:4-7

Altars:
Makhleb

Annotations:
D:4 Pikel


Innate Abilities, Weirdness & Mutations

You are immune to sickness and miasma.
Your stone body is resilient. (AC +4)
You are immune to poison.
You resist negative energy. (rN+)
You are resistant to electric shocks. (rElec)
You are resistant to unholy torment.
You are immune to petrification.


Message History

You slash Pikel!
Pikel is heavily wounded.
You hit the lemure. x2; Pikel barely misses you.
The lemure hits you but does no damage. x2
Pikel says, "Hell isn't that bad."
Pikel hits you with a +2 whip of flaming.
Pikel burns you.
The lemure hits you but does no damage. x2
You slash Pikel!
Pikel is severely wounded.
You closely miss the lemure. You hit the lemure but do no damage.
The lemure hits you but does no damage. The lemure hits you.
Pikel hits you but does no damage.
A dart slug comes into view.
Unknown command.
You barely miss Pikel.
Pikel is severely wounded.
You hit the lemure. You barely miss the lemure. The lemure barely misses you.
The lemure hits you but does no damage.
Pikel hits you with a +2 whip of flaming.
* * * LOW HITPOINT WARNING * * *
Pikel burns you.
* * * LOW HITPOINT WARNING * * *
You hit Pikel.
Pikel is severely wounded.
You miss the lemure. You closely miss the lemure.
The lemure closely misses you. x2
Pikel hits you with a +2 whip of flaming.
* * * LOW HITPOINT WARNING * * *
Pikel burns you.
* * * LOW HITPOINT WARNING * * *
The lemure closely misses you. Pikel hits you but does no damage.
The lemure hits you but does no damage.
You barely miss Pikel.
Pikel is severely wounded.
You hit the lemure. You closely miss the lemure.
The dart slug launches a dart at you. The slug dart hits you.
* * * LOW HITPOINT WARNING * * *
Pikel hits you with a +2 whip of flaming.
You die...

#..####..#.#
#..........#
#.........# .
#......†..# ...
#..!.>....#(....
#......)<.......
#........$.?##..
#.......w.#.....
#?@.............
#5K5............
#...............
#...............
................
............###
...............
###............
.............


You could see Pikel, 2 lemures and a dart slug.

Vanquished Creatures
  Sigmund (D:2)
  2 lemures (D:3)
  A scorpion (D:3)
  A hound (D:3)
  Natasha (D:4)
  An orc wizard (D:4)
  5 adders
  4 orcs (D:3)
  12 endoplasms
  2 giant cockroaches (D:3)
  11 goblins
  2 hobgoblins (D:1)
  3 jackals (D:2)
  A quokka (D:1)
  5 ball pythons
  3 bats (D:2)
  3 frilled lizards
  9 kobolds
  10 rats
  A spectral goblin (D:3)
78 creatures vanquished.

Notes
Turn   | Place    | Note
-------+----------+-------------------------------------------
     0 | D:1      | bande the Gargoyle Fighter began the quest for the Orb.
     0 | D:1      | Reached XP level 1. HP: 14/14 MP: 1/1
   112 | D:1      | Reached XP level 2. HP: 19/19 MP: 2/2
   456 | D:1      | Reached XP level 3. HP: 22/24 MP: 3/3
  1130 | D:2      | Reached XP level 4. HP: 29/29 MP: 4/4
  1140 | D:2      | Reached skill level 4 in Armour
  1146 | D:2      | Identified a scroll of acquirement
  1146 | D:2      | Acquired 593 gold pieces
  1180 | D:2      | Noticed Sigmund
  1196 | D:2      | Killed Sigmund
  1197 | D:2      | Reached XP level 5. HP: 14/33 MP: 5/5
  1197 | D:2      | Reached XP level 6. HP: 16/38 MP: 6/6
  1917 | D:3      | Found a faded altar of an unknown god.
  2087 | D:3      | Found a burning altar of Makhleb.
  2440 | D:4      | Noticed Natasha
  3198 | D:4      | Killed Natasha
  3209 | D:4      | Reached skill level 5 in Armour
  3209 | D:4      | Reached XP level 7. HP: 43/44 MP: 7/7
  3228 | D:4      | Noticed Pikel
  3241 | D:4      | HP: 2/44 [Pikel/+2 whip of flaming (2)]
  3242 | D:4      | Slain by Pikel

Illustrated notes

Levels and vault maps discovered:
D:1:      nzn_arrival_crosshair, layout_basic
D:2:      layout_basic, serial_forest, infiniplex_forest_clump_small,
          infiniplex_forest_end_1, infiniplex_forest_clump_curved,
          infiniplex_forest_straight_3, infiniplex_forest_zigzag_2,
          infiniplex_forest_lined_corner, uniq_sigmund
D:3:      layout_loops_cross, bloody_makhleb,
          dreamdust_ecumenical_altar_drowned_temple, grunt_ministairs_1
D:4:      minmay_clustersquares, layout_rooms, uniq_ijyb, uniq_pikel,
          uniq_natasha

Skill      XL: |  1  2  3  4  5  6 |
---------------+-------------------+-----
Axes           | 2 3 4 |  4.8
Armour         | 4 5 |  5.0
Fighting       | 4 |  4.4
Shields        | 4 |  4.1

Action                     |  1- 3 |  4- 6 |  7- 9 || total
---------------------------+-------+-------+-------++-------
  Melee: War axe           |   112 |   203 |     8 ||   323
    Use: Scroll            |     2 |     6 |       ||     8
         Potion            |       |     1 |     1 ||     2
 Armour: Scale mail        |    65 |    80 |    12 ||   157
  Dodge: Dodged            |    63 |    73 |     6 ||   142
  Block: Buckler           |    27 |    16 |     3 ||    46

Table legend: (Time is in decaauts)
 A = Elapsed time spent in this place.
 B = Non-inter-level travel time spent in this place.
 C = Inter-level travel time spent in this place.
 D = Time resting spent in this place.
 E = Time spent auto-exploring this place.
 F = Levels seen in this place.
 G = Mean time per level.
                   A        B        C        D        E       F      G
               +--------+--------+--------+--------+--------+-----+--------+
         Total |   3378 |   3161 |    217 |    776 |   1660 |   4 |  844.5 |
       Dungeon |   3378 |   3161 |    217 |    776 |   1660 |   4 |  844.5 |
               +--------+--------+--------+--------+--------+-----+--------+

Top non-repeatable levels by time:
     D:3: 1530 daAuts
     D:2: 1018 daAuts
     D:1: 758 daAuts
     D:4: 70 daAuts
